 Dungeon Crawl Stone Soup version 0.31.0-7-gf635a9b802 (webtiles) character file.

Game seed: 5493693827768264743

167 Arcadio the Sneak (level 5, 0/36 HPs)
             Began as an Octopode Brigand on Jan 23, 2024.
             Slain by an orc wizard
             ... wielding a +0 dagger
              (1 damage)
             ... on level 4 of the Dungeon.
             The game lasted 00:04:44 (2622 turns).

Arcadio the Sneak (Octopode Brigand)                Turns: 2622, Time: 00:04:44

Health: 0/36       AC:  1    Str: 10 (11) XL:     5   Next: 48%
Magic:  5/5        EV: 13    Int: 10 (13) God:
Gold:   111        SH:  0    Dex: 12 (15) Spells: 1/4 levels left

rFire   . . .        a - +2 dagger
rCold   . . .        (no shield)
rNeg    . . .        (helmet restricted)
rPois   .            (no amulet)
rElec   .            (no ring)
rCorr   .            (no ring)
SInv    .            (no ring)
Will    .....        (no ring)
Stlth   ++++         (no ring)
HPRegen 0.26/turn    (no ring)
MPRegen 0.09/turn    (no ring)
                     (no ring)

%: no passive effects
@: attractive
A: almost no armour, amphibious, 8 rings, camouflage 1, gelatinous body 1,
(nimble swimmer 1), tentacles
a: no special abilities


You were on level 4 of the Dungeon.
You visited 1 branch of the dungeon, and saw 4 of its levels.

You collected 138 gold pieces.
You spent 27 gold pieces at shops.

Inventory:

Hand Weapons
 a - a +2 dagger (weapon)
Missiles
 b - 13 poisoned darts (quivered)
 c - 3 curare-tipped darts
Wands
 n - a wand of digging (8)
Scrolls
 e - a scroll of poison
 i - a scroll of immolation {unknown}
 l - a scroll of enchant armour {unknown}
 o - a scroll of fog {unknown}
 p - a scroll of vulnerability {unknown}
 q - a scroll of enchant weapon {unknown}
Potions
 d - a potion of attraction
 g - a potion of lignification {unknown}
 h - 3 potions of degeneration
 j - 2 potions of brilliance {unknown}
 k - a potion of mutation {unknown}
 m - a potion of might {unknown}


   Skills:
 + Level 3.2 Fighting
 + Level 3.2 Short Blades
 - Level 2.0 Throwing
 + Level 2.5 Dodging
 + Level 6.5 Stealth


You had one spell level left.
You knew the following spells:

 Your Spells              Type           Power      Damage    Failure   Level
a - Sting                 Conj/Alch      0%         1d3       36%         1
b - Summon Small Mammal   Summ           0%         N/A       36%         1
c - Apportation           Tloc           0%         N/A       36%         1

Your spell library contained the following spells:

 Spells                   Type           Power      Damage    Failure   Level
 Necrotise                Necr           0%         1d4       36%         1
 Tukima's Dance           Hex            0%         N/A       75%         3
 Dimensional Bullseye     Hex/Tloc       0%         N/A       98%         4
 Iskenderun's Mystic Bla  Conj/Tloc      0%         2d3       98%         4


Dungeon Overview and Level Annotations

Branches:
Dungeon (4/15)
 Temple: D:4-7

Altars:
Cheibriados
Fedhas
Gozag
Kikubaaqudgha

Shops:
D:1 *

Annotations:
D:3 Grinder


Innate Abilities, Weirdness & Mutations

You cannot wear most types of armour.
You are amphibious.
You can wear up to eight rings at the same time.
Your skin changes colour to match your surroundings (Stealth+).
Your rubbery body absorbs attacks. (AC +1, EV +1)
((You are camouflaged when in or above water. (Stealth+)))
You have tentacles for arms and can constrict up to eight enemies at once.


Message History

The orc is almost dead.
You constrict the orc.
You kill the orc!
Something hits you.
There is an open door, spattered with blood here.
Items here: ))) [[ †.
Something hits you. Something hits you.
There is an open door, spattered with blood here.
Items here: ))) [[ †.
You miss something. Your squeeze misses something. Something hits you.
You barely miss something. Your squeeze misses something. Something hits you.
You closely miss something. Something hits you.
You hit something. Something hits you.
You closely miss something. You hit something but do no damage.
Your squeeze misses something. Something hits you.
* * * LOW HITPOINT WARNING * * *
You feel better. Something hits you.
You closely miss something. Your squeeze misses something. Something hits you.
* * * LOW HITPOINT WARNING * * *
Something hits you.
* * * LOW HITPOINT WARNING * * *
You miss something. Your squeeze misses something. Something hits you.
* * * LOW HITPOINT WARNING * * *
Okay, then.
You aren't carrying any pieces of jewellery.
Unknown command.
Okay, then.
It was a potion of attraction.
You feel attractive to monsters. Something hits you.
* * * LOW HITPOINT WARNING * * *
You barely miss something. Something hits you.
* * * LOW HITPOINT WARNING * * *
It was a potion of degeneration.
There was something very wrong with that liquid.
You feel weakened.
You feel dopey.
You feel clumsy. Something hits you.
You die...

####.....#####...
.................
.......>..........
.>...............
......?..........
....:............
#####+###+###)###..###
##.#..#.......#{.#..#
.#.#..#.......#†@#..#
.#.+..+###+###+..'..#
.'.#..#.+...+.#..#..#######
.#.#..#.#...#.#..#........#
##.'##+.#._.#.+##+........#
#..#..#)#...#.#..###......#
#..#..#.'...'.#..#.'......#
#..+..'###+###'..')#......#
#..#..#.......#..#.#......#


There were no monsters in sight!

Vanquished Creatures
  A mummy (D:4)
  3 gnolls (D:4)
  3 adders
  2 dart slugs
  4 ribbon worms
  4 orcs
  9 bats
  2 endoplasms
  2 giant cockroaches
  5 goblins
  11 hobgoblins
  4 jackals
  7 kobolds
  6 quokkas
  6 ball pythons
  A frilled lizard (D:2)
  2 hobgoblin zombies (D:4)
  2 kobold zombies (D:4)
  6 rats
80 creatures vanquished.

Notes
Turn   | Place    | Note
-------+----------+-------------------------------------------
     0 | D:1      | Arcadio the Octopode Brigand began the quest for the Orb.
     0 | D:1      | Reached XP level 1. HP: 14/14 MP: 1/1
   203 | D:1      | Reached XP level 2. HP: 19/19 MP: 2/2
   308 | D:1      | Found Wienuc's Assorted Antiques.
   318 | D:1      | Bought a scroll labelled KEITEC TOIMO for 27 gold pieces
   783 | D:2      | Reached XP level 3. HP: 22/25 MP: 3/3
  1089 | D:2      | Reached XP level 4. HP: 30/30 MP: 4/4
  1124 | D:2      | Found a faded altar of an unknown god.
  1311 | D:2      | Reached skill level 6 in Stealth
  2078 | D:3      | Found an ancient bone altar of Kikubaaqudgha.
  2186 | D:3      | Found an opulent altar of Gozag.
  2188 | D:3      | Noticed Grinder
  2300 | D:4      | Reached XP level 5. HP: 24/36 MP: 5/5
  2373 | D:4      | Found a snail-covered altar of Cheibriados.
  2435 | D:4      | Found a blossoming altar of Fedhas.
  2483 | D:4      | Learned a level 1 spell: Sting
  2485 | D:4      | Learned a level 1 spell: Summon Small Mammal
  2487 | D:4      | Learned a level 1 spell: Apportation
  2621 | D:4      | HP: 1/36 [something (3)]
  2622 | D:4      | Slain by an orc wizard

Illustrated notes

Levels and vault maps discovered:
D:1:      lightli_arrival_flooded_house, layout_loops_ring, serial_shops,
          nicolae_shop_tiny_statue_garden, minmay_tiny_reverse_x
D:2:      kb_forest_paths, layout_basic, shapermc_ecumenical_altar_pompeii,
          amcnicky_mini_rare_corridor_liquid
D:3:      layout_loops_ring, mainiacjoe_overflow_small_starburst,
          lemuel_round_altar, serial_glass, glass_columns_b, glass_columns_b,
          glass_columns_a, glass_columns_c, glass_columns_a, glass_columns_a,
          feat_on_display, feat_on_display, due_unseen_surprise,
          minmay_strange_pillars, minmay_fractal_squares_5, uniq_grinder
D:4:      minmay_bubble_buster, layout_gridville, lemuel_round_altar,
          mainiacjoe_overflow_24_doors, mainiacjoe_overflow_six_doors_small,
          serial_bayou_pond_c, minmay_mini_ossuary

Skill      XL: |  1  2  3  4 |
---------------+-------------+-----
Dodging        | 2 |  2.5
Stealth        | 6 |  6.5
Fighting       | 3 |  3.2
Short Blades   | 3 |  3.2
Throwing       | |  2.0

Action                     |  1- 3 |  4- 6 || total
---------------------------+-------+-------++-------
  Melee: Dagger            |    67 |    95 ||   162
         Constrict         |    11 |    20 ||    31
         Tentacles         |    11 |    16 ||    27
         Punch             |       |     1 ||     1
    Use: Scroll            |     3 |       ||     3
         Potion            |       |     3 ||     3
   Stab: Sleeping          |    16 |     8 ||    24
 Armour: Skin              |    25 |    42 ||    67
  Dodge: Dodged            |    25 |    56 ||    81
